 Dungeon Crawl Stone Soup version 0.28-a0-804-g60983d4ba9 (webtiles) character file.

Game seed: 362164376566362259

482 porpoise the Magician (level 6, -4/32 HPs)
             Began as a Deep Elf Conjurer on Nov 7, 2021.
             Slain by an orc priest (7 damage)
             ... on level 3 of the Dungeon on Nov 8, 2021.
             The game lasted 00:12:44 (3407 turns).

porpoise the Magician (Deep Elf Conjurer)           Turns: 3407, Time: 00:12:44

Health: -4/32      AC:  4    Str:  4    XL:     6   Next: 87%
Magic:  13/18      EV: 12    Int: 25    God:
Gold:   152        SH:  0    Dex: 13    Spells: 8/19 levels left

rFire   . . .      SeeInvis .   (no weapon)
rCold   . . .      Faith    .   (no shield)
rNeg    . . .      Spirit   .   a - +0 robe
rPois   +          Reflect  .   f - +0 helmet
rElec   .          Harm     .   (no cloak)
rCorr   .          Rampage  .   k - +0 pair of gloves
Will    .....                   (no boots)
Stlth   ++........              (no amulet)
HPRegen 0.10/turn               j - ring of poison resistance
MPRegen 0.16/turn               (no ring)

@: mighty, brilliant, attractive, flying
A: no striking features
a: no special abilities


You were on level 3 of the Dungeon.
You visited 1 branch of the dungeon, and saw 4 of its levels.

You collected 152 gold pieces.

Inventory:

Missiles
 b - 158 stones
 e - 45 sling bullets
 m - 5 curare-tipped darts
 o - 2 boomerangs
Armour
 a - a +0 robe (worn)
 f - a +0 helmet (worn)
 k - a +0 pair of gloves (worn)
Jewellery
 j - a ring of poison resistance (left hand)
Scrolls
 c - a scroll of identify {unknown}
 d - 3 scrolls of noise {unknown}
 h - a scroll of teleportation {unknown}
 p - a scroll of amnesia {unknown}
Potions
 g - a potion of brilliance
 q - a potion of lignification {unknown}


   Skills:
 - Level 2.4 Dodging
 - Level 2.4 Stealth
 - Level 7.0 Spellcasting
 - Level 6.2 Conjurations
 + Level 3.7 Hexes
 + Level 1.4 Translocations


You had 8 spell levels left.
You knew the following spells:

 Your Spells              Type           Power      Damage    Failure   Level
a - Magic Dart            Conj           100%       1d8       1%          1
b - Searing Ray           Conj           100%       2d8       1%          2
c - Fulminant Prism       Conj/Hex       25%        3d14      9%          4
d - Iskenderun's Mystic   Conj/Tloc      42%        2d10      14%         4

Your spell library contained the following spells:

 Spells                   Type           Power      Damage    Failure   Level
 Dazzling Flash           Conj/Hex       100%       N/A       2%          3


Dungeon Overview and Level Annotations

Branches:
Dungeon (4/15)
 Temple: D:4-7

Altars:
Nemelex Xobeh
Uskayaw

Shops:
D:3 [


Message History

The searing ray hits the ogre!
The ogre is moderately wounded. (Press . to maintain the ray.)
Your fulminant prism crackles loudly.
The searing ray hits the ogre!
The ogre is severely wounded.
The ogre hits you with a +0 giant club!!
Ouch! That really hurt!
An orc comes into view. It is wielding a +0 trident.
Your fulminant prism explodes!
The blast of energy engulfs the ogre!!
You kill the ogre!
The blast of energy engulfs the orc!
You kill the orc!
You hear a shout!
You hear a bark! x2
Your Translocations skill increases to level 1!
You start resting.
You hear a shout! x2
An orc priest comes into view. It is wielding a +0 trident.
The orc priest hits you with a +0 trident!
* * * LOW HITPOINT WARNING * * *
You climb upwards.
There is a stone staircase leading down here.
It was a potion of brilliance.
You feel clever all of a sudden. The orc priest closely misses you.
It was a potion of attraction.
You feel attractive to monsters. The orc priest closely misses you.
It was a potion of might.
You feel very mighty all of a sudden. The orc priest misses you.
Okay, then.
Unknown command.
Unknown command.
It was a potion of flight.
You feel very buoyant.
You fly up into the air.
The orc priest hits you with a +0 trident!
You die...

.# #.# #####..######........ .#
#.# ##..........##.##. .######.#
##...######.###.##. .##.....#
##...^.## #.###.##. .##.###.###
##.......## #.#.#.##.
.##.#.....###.........###.....##.
......###†..+.........'..........
###.#.# #.###.........###.....###
.########.# ##..@....## #.#.###
.....###..# ##o....## #.###
#.##...#### ##..[## #.#
..#..#...### ##)## ##.##
.##.####...######)######...#
.#..#..###.....##.#........#
##.##....##.##.##.#.#####..#
#..#..#..#..##......#.((#..#
#.##....##.####.....#...#..#


You could see an orc priest.

Vanquished Creatures
  Sigmund (D:3)
  A water moccasin (D:3)
  An ogre (D:4)
  An iguana (D:3)
  3 gnolls (D:3)
  2 adders
  A worm (D:2)
  2 dart slugs
  3 orcs
  6 ball pythons
  7 bats
  5 endoplasms
  A giant cockroach (D:1)
  9 hobgoblins
  4 jackals (D:1)
  A quokka (D:2)
  8 frilled lizards
  6 goblins
  4 kobolds
  2 rats
68 creatures vanquished.

Vanquished Creatures (others)
  A fulminant prism (D:4)
1 creature vanquished.

Grand Total: 69 creatures vanquished

Notes
Turn   | Place    | Note
-------+----------+-------------------------------------------
     0 | D:1      | porpoise the Deep Elf Conjurer began the quest for the Orb.
     0 | D:1      | Reached XP level 1. HP: 10/10 MP: 6/6
   302 | D:1      | Reached XP level 2. HP: 15/15 MP: 5/8
   332 | D:1      | Learned a level 2 spell: Searing Ray
   838 | D:1      | Reached skill level 4 in Spellcasting
   862 | D:1      | Reached skill level 5 in Conjurations
   864 | D:1      | Reached XP level 3. HP: 19/19 MP: 5/10
  1976 | D:3      | Noticed Sigmund
  1987 | D:3      | Killed Sigmund
  1988 | D:3      | Reached skill level 6 in Spellcasting
  1988 | D:3      | Reached XP level 4. HP: 12/24 MP: 2/14
  1988 | D:3      | Reached XP level 5. HP: 14/28 MP: 2/15
  2147 | D:3      | Learned a level 4 spell: Fulminant Prism
  2152 | D:3      | Learned a level 4 spell: Iskenderun's Mystic Blast
  2284 | D:3      | Reached skill level 1 in Hexes
  2478 | D:3      | Noticed a +0 dagger
  2479 | D:3      | Noticed a +0 dagger
  2480 | D:3      | Found a hide-covered altar of Uskayaw.
  2488 | D:3      | Noticed a water moccasin
  2493 | D:3      | Killed a water moccasin
  2494 | D:3      | Reached XP level 6. HP: 24/32 MP: 8/17
  3054 | D:3      | Found Baqo's Armour Shop.
  3136 | D:3      | Reached skill level 7 in Spellcasting
  3395 | D:4      | Found a sparkling altar of Nemelex Xobeh.
  3399 | D:4      | Reached skill level 1 in Translocations
  3407 | D:3      | Slain by an orc priest

Illustrated notes

Levels and vault maps discovered:
D:1:      dpeg_arrival_connections, layout_rooms
D:2:      layout_rooms, kennysheep_crisscross
D:3:      minmay_skewed_foursquare, layout_loops_corners,
          dancing_weapons_uskayaw, serial_shops, shop, grunt_ministairs_6,
          uniq_sigmund
D:4:      layout_loops_cross, mainiacjoe_overflow_alcove_1, minivault_4

Skill      XL: |  1  2  3  4  5  6 |
---------------+-------------------+-----
Spellcasting   | 4 6 7 |  7.0
Conjurations   | 5 6 |  6.2
Hexes          | 2 3 |  3.7
Translocations | 1 |  1.4
Dodging        | |  2.4
Stealth        | |  2.4

Action                   |  1- 3 |  4- 6 || total
-------------------------+-------+-------++-------
 Cast: Magic Dart        |    84 |     9 ||    93
       Searing Ray       |     4 |    12 ||    16
       Fulminant Prism   |       |     1 ||     1
  Use: Potion            |       |     4 ||     4
Armor: Robe              |       |     1 ||     1
Dodge: Dodged            |     5 |     9 ||    14

Table legend: (Time is in decaauts)
 A = Elapsed time spent in this place.
 B = Non-inter-level travel time spent in this place.
 C = Inter-level travel time spent in this place.
 D = Time resting spent in this place.
 E = Time spent auto-exploring this place.
 F = Levels seen in this place.
 G = Mean time per level.
                   A        B        C        D        E       F      G
               +--------+--------+--------+--------+--------+-----+--------+
         Total |   3406 |   3329 |     77 |   1501 |   1424 |   4 |  851.5 |
       Dungeon |   3406 |   3329 |     77 |   1501 |   1424 |   4 |  851.5 |
               +--------+--------+--------+--------+--------+-----+--------+

Top non-repeatable levels by time:
     D:3: 1513 daAuts
     D:1: 1235 daAuts
     D:2: 649 daAuts
     D:4: 7 daAuts
